 Dungeon Crawl Stone Soup version 0.27.0-1-g7a089689b8 (webtiles) character file.

Game seed: 15674804598484784714

3483 Spectrina the Mender (level 9, -2/41 (49) HPs)
             Began as a Deep Elf Monk on Aug 10, 2021.
             Was a Priest of Elyvilon.
             Slain by a gnoll (5 damage)
             ... while paralysed by an orc
             ... on level 7 of the Dungeon on Aug 11, 2021.
             The game lasted 01:11:08 (4742 turns).

Spectrina the Mender (Deep Elf Monk)                Turns: 4742, Time: 01:11:09

HP:   -2/41 (49)    AC:  4    Str:  8    XL:     9   Next: 79%
MP:   0/18          EV:  2    Int: 19    God:    Elyvilon [***...]
Gold: 8             SH:  0    Dex: 19    Spells: 3/17 levels left

rFire    . . .     SeeInvis +   b - +0 rapier
rCold    . . .     Faith    .   (no shield)
rNeg     . . .     Spirit   +   o - +0 troll leather armour {Purgy}
rPois    .         Reflect  .   (helmet restricted)
rElec    .         Harm     .   N - scarf {+Inv}
rCorr    .         Rampage  .   (no gloves)
Will     .....                  (no boots)
Stlth    ++++......             t - amulet of guardian spirit
HPRegen  1.13/turn              H - ring of see invisible
MPRegen  0.16/turn              (no ring)

@: paralysed, heavily drained
A: horns 1, agile 1, mutation resistance 1
a: Renounce Religion, Evoke Invisibility, Lesser Healing, Heal Other,
Purification, Divine Protection


You were on level 7 of the Dungeon.
You worshipped Elyvilon.
Elyvilon was most pleased with you.
You visited 2 branches of the dungeon, and saw 9 of its levels.
You also visited: Sewer and Ossuary.

You collected 295 gold pieces.
You spent 287 gold pieces at shops.

Inventory:

Hand Weapons
 a - a +0 dagger
 b - a +0 rapier (weapon)
 e - a +0 shortbow
 r - a +0 short sword
 x - a +2 war axe of flaming
 E - a +0 arbalest
Missiles
 f - 92 stones (quivered)
 q - 17 poisoned darts
 w - 6 curare-tipped darts
 y - 49 sling bullets
 D - 40 arrows
 L - 22 bolts
Armour
 h - a +0 robe
 o - a +0 troll leather armour (worn) {Purgy}
 N - a scarf of invisibility (worn)
Jewellery
 t - an amulet of guardian spirit (around neck)
 H - a ring of see invisible (left hand)
 I - a ring of willpower
Wands
 g - a wand of mindburst (2)
 j - a wand of flame (8)
 J - a wand of paralysis (10)
Scrolls
 d - 2 scrolls of acquirement {unknown}
 i - a scroll of amnesia
 l - a scroll of immolation
 m - 2 scrolls of teleportation
 n - 3 scrolls of brand weapon
 s - 2 scrolls of enchant armour {unknown}
 v - 2 scrolls of noise {unknown}
 B - a scroll of fear
 C - 2 scrolls of magic mapping
 O - a scroll of vulnerability
Potions
 c - 2 potions of cancellation
 k - a potion of berserk rage
 p - 2 potions of haste
 u - a potion of flight
 z - a potion of brilliance
 A - a potion of lignification
 F - 2 potions of ambrosia {unknown}
 G - a potion of heal wounds
 M - a potion of might {unknown}
Miscellaneous
 K - a phial of floods


   Skills:
 - Level 2.4 Fighting
 - Level 3.0 Short Blades
 - Level 3.6 Dodging
 - Level 7.0 Stealth
 + Level 4.8 Spellcasting
 + Level 9.1 Hexes
 + Level 10.5 Invocations
 + Level 3.5 Evocations


You had 3 spell levels left.
You knew the following spells:

 Your Spells              Type           Power      Damage    Failure   Level
a - Corona                Hex            43%        N/A       1%          1
e - Dazzling Flash        Conj/Hex       44%        N/A       9%          3
q - Slow                  Hex            39%        N/A       1%          2
r - Ensorcelled Hibernat  Hex/Ice        44%        N/A       4%          2
t - Confusing Touch       Hex            39%        N/A       1%          3
w - Tukima's Dance        Hex            39%        N/A       1%          3

Your spell library contained the following spells:

 Spells                   Type           Power      Damage    Failure   Level
 Vampiric Draining        Necr           2%         2d6       50%         3
 Summon Mana Viper        Hex/Summ       22%        N/A       61%         5
 Iskenderun's Mystic Bla  Conj/Tloc      4%         2d3       88%         4
 Summon Forest            Summ/Tloc      2%         N/A       99%         5
 Shadow Creatures         Summ           N/A        N/A       100%        6
 Starburst                Conj/Fire      2%         8x6d3     100%        6


Dungeon Overview and Level Annotations

Branches:
Dungeon (8/15)             Temple (1/1) D:4           Sewer (visited)
Ossuary (visited)
   Lair: D:8-11

Altars:
Cheibriados
Elyvilon
Nemelex Xobeh
Uskayaw
Vehumet
Xom
Yredelemnul

Shops:
D:5 :   D:6 ?   D:7 !

Annotations:
D:4 Sigmund


Innate Abilities, Weirdness & Mutations

You have a pair of small horns on your head.
You are agile. (Dex +2)
You are somewhat resistant to further mutation.


Message History

The gnoll is heavily wounded.
Your +0 flail hits the gnoll!
The gnoll dies!
The gnoll hits you from afar with a +0 halberd.
The orc zaps a wand.
You easily resist.
Unknown command. 2 orc wizards come into view.
The gnoll closely misses you.
Found a +0 club.
Unknown command.
You hit the gnoll.
The gnoll is lightly wounded.
The gnoll barely misses you.
Your +0 flail barely misses the gnoll.
The orc wizard mumbles some strange words.
The orc wizard flickers and vanishes for a moment.
Unknown command.
You hit the gnoll.
The gnoll is lightly wounded.
Your +0 flail falls from the air.
The orc zaps a wand.
You easily resist.
The gnoll hits you with a +0 halberd.
The orc zaps a wand.
You suddenly lose the ability to move!
The gnoll hits you from afar with a +0 halberd!
The orc zaps a wand.
You easily resist.
The gnoll hits you from afar with a +0 halberd.
The gnoll hits you from afar with a +0 halberd.
The orc wizard hits you with a +0 dagger.
The orc hits you with a +1 short sword of draining.
You feel drained. The gnoll completely misses you.
The orc wizard gestures wildly while chanting.
The orc wizard flickers and vanishes for a moment.
The orc wizard hits you with a +0 dagger.
The orc zaps a wand.
You shrug off the repeated paralysis!
The gnoll hits you from afar with a +0 halberd!
The gnoll hits you with a +0 flail!
* * * LOW HITPOINT WARNING * * *
The orc hits you with a +1 short sword of draining.
* * * LOW HITPOINT WARNING * * *
You feel drained.
The gnoll hits you from afar with a +0 halberd.
You die...

.# .... #.. #.#. ...
#.. #. #.#........
#..
##.#####.'.oo)....
#..
.........#.....(..
#.. .......o.'.
.g... ### .......og#
.o...
........g)###.o#
#........[o@#....#
#...........o...#
#...........#####
#............†..###
#.................#
#...........###.#.#
#...............#.#
#..........##..##.#
##...............#.#


You could see an orc priest, 2 orc wizards, 2 gnolls and an orc.

Vanquished Creatures
  Grinder (D:3)
  Prince Ribbit (D:6)
  An acid dragon (D:5)
  2 water moccasins
  Purgy (Sewer)
  2 orc warriors
  A sky beast (D:6)
  A wolf (D:8)
  2 ogres
  2 centaurs
  4 phantoms
  A bullfrog (D:6)
  2 scorpions
  A wyvern zombie (D:6)
  A water moccasin zombie (D:6)
  2 howler monkeys (D:8)
  A wight (D:6)
  An orc priest (D:4)
  8 hounds
  A jelly (D:4)
  A bullfrog skeleton (D:6)
  A gnoll shaman (D:6)
  5 iguanas
  4 orc wizards
  A mummy (Ossuary)
  2 howler monkey zombies
  6 gnolls
  A river rat (D:5)
  12 adders
  3 white imps
  An ufetubus (D:5)
  An adder skeleton (D:5)
  2 worms
  15 orcs
  3 spectral bats (Ossuary)
  2 endoplasms (D:2)
  3 giant cockroaches
  12 gnoll zombies (Ossuary)
  4 goblins
  3 hobgoblins
  A jackal (D:3)
  3 kobolds (Sewer)
  2 quokkas
  4 ball pythons
  3 bats
  3 bat simulacra (Ossuary)
  A frilled lizard (Sewer)
  3 goblin simulacra (Ossuary)
  4 goblin zombies (Ossuary)
  3 hobgoblin zombies (Ossuary)
  A kobold simulacrum (Ossuary)
  9 kobold zombies (Ossuary)
  2 orc zombies (Ossuary)
  3 rats
  7 rat simulacra (Ossuary)
  2 spectral goblins (Ossuary)
  2 spectral kobolds (Ossuary)
  5 spectral rats (Ossuary)
176 creatures vanquished.

Vanquished Creatures (collateral kills)
  Pikel (D:6)
  3 wights (D:7)
  An orc priest (D:8)
  3 gnolls
  3 orcs
11 creatures vanquished.

Vanquished Creatures (others)
  9 dancing weapons
  A killer bee (D:8)
  An adder (D:5)
11 creatures vanquished.

Grand Total: 198 creatures vanquished

Notes
Turn   | Place    | Note
-------+----------+-------------------------------------------
     0 | D:1      | Spectrina the Deep Elf Monk began the quest for the Orb.
     0 | D:1      | Reached XP level 1. HP: 13/13 MP: 3/3
    90 | D:2      | Reached skill level 1 in Invocations
   101 | D:2      | Reached XP level 2. HP: 13/18 MP: 3/5
   117 | D:2      | Reached skill level 1 in Spellcasting
   300 | D:3      | Noticed Grinder
   304 | D:3      | Killed Grinder
   305 | D:3      | Reached skill level 4 in Invocations
   305 | D:3      | Reached XP level 3. HP: 13/22 MP: 5/9
   305 | D:3      | Reached XP level 4. HP: 16/27 MP: 5/10
   305 | D:3      | Reached XP level 5. HP: 19/31 MP: 5/11
   305 | D:3      | Found a basalt altar of Yredelemnul.
   563 | D:4      | Found a staircase to the Ecumenical Temple.
   578 | D:4      | Reached skill level 1 in Evocations
   597 | Temple   | Entered the Ecumenical Temple
   619 | Temple   | Became a worshipper of Elyvilon the Healer
   619 | Temple   | Reached * piety under Elyvilon
   619 | Temple   | Reached ** piety under Elyvilon
   650 | D:5      | Entered Level 5 of the Dungeon
   661 | D:4      | Reached XP level 6. HP: 19/36 MP: 7/12
   683 | D:5      | Found Kausy's Book Emporium.
   808 | D:5      | Reached skill level 5 in Stealth
   898 | D:5      | Found a glowing drain.
   914 | D:5      | Gained mutation: You have a pair of small horns on your
                  | head. [potion of mutation]
   914 | D:5      | Gained mutation: You are somewhat resistant to further
                  | mutation. [potion of mutation]
   914 | D:5      | Gained mutation: You are agile. (Dex +2) [potion of
                  | mutation]
   975 | Sewer    | Entered a sewer
  1069 | Sewer    | Noticed Purgy
  1091 | Sewer    | Killed Purgy
  1248 | D:5      | Reached skill level 5 in Invocations
  1370 | D:4      | You fall into a shaft and drop 2 floors!
  1432 | D:6      | Reached XP level 7. HP: 40/40 MP: 13/13
  1461 | D:6      | Noticed Pikel
  1525 | D:5      | Learned a level 1 spell: Corona
  1528 | D:5      | Learned a level 2 spell: Ensorcelled Hibernation
  1532 | D:5      | Learned a level 3 spell: Tukima's Dance
  1552 | D:5      | Learned a level 3 spell: Dazzling Flash
  1673 | D:4      | Noticed Sigmund
  1693 | D:4      | Reached skill level 1 in Hexes
  1903 | D:5      | Learned a level 3 spell: Confusing Touch
  2011 | D:6      | Found Hyimyth's Magic Scroll Emporium.
  2099 | D:6      | Reached skill level 6 in Invocations
  2257 | D:6      | Reached XP level 8. HP: 44/45 MP: 0/14
  2306 | D:6      | Bought a scroll of fear for 49 gold pieces
  2306 | D:6      | Bought a scroll of identify for 28 gold pieces
  2306 | D:6      | Bought a scroll of identify for 28 gold pieces
  2306 | D:6      | Bought a scroll of identify for 28 gold pieces
  2306 | D:6      | Bought a scroll of magic mapping for 49 gold pieces
  2366 | D:6      | Reached skill level 5 in Hexes
  2416 | D:8      | Found a sand-covered staircase.
  2437 | D:8      | Noticed a purple ugly thing
  2455 | D:7      | Reached skill level 7 in Invocations
  2537 | D:7      | You fall into a shaft and drop 1 floor!
  2640 | Ossuary  | Entered an ossuary
  3173 | D:8      | HP: 2/45 [bullfrog (6)]
  3187 | D:8      | Noticed a troll
  3229 | D:7      | Reached *** piety under Elyvilon
  3286 | D:6      | Reached skill level 8 in Invocations
  3427 | D:6      | Noticed Prince Ribbit
  3532 | D:6      | Killed Pikel
  3533 | D:6      | Reached skill level 9 in Invocations
  3533 | D:6      | Reached XP level 9. HP: 42/49 MP: 9/17
  3612 | D:5      | Learned a level 2 spell: Slow
  3896 | D:5      | Reached skill level 10 in Invocations
  4086 | D:6      | Killed Prince Ribbit
  4370 | D:6      | Bought a scroll of vulnerability for 105 gold pieces
  4434 | D:7      | Found Lapauq's Distillery.
  4728 | D:7      | Paralysed by an orc for 3 turns
  4737 | D:7      | Paralysed by an orc for 6 turns
  4742 | D:7      | Slain by a gnoll

Illustrated notes

Levels and vault maps discovered:
D:1:      giann_forest_graveyard, layout_basic, serial_co_window_serial,
          co_window_paths_b, co_window_corner_a, co_window_paths_a,
          co_window_paths_a, co_window_corner_a, co_window_corner_b,
          co_window_of_opportunity_b, co_window_broadway_c,
          co_window_broadway_a, co_window_broadway_c,
          co_window_of_opportunity_b, basic_ecumenical_altar,
          hangedman_decor_push
D:2:      layout_rooms, minmay_circled_x
D:3:      layout_loops_ring, mainiacjoe_overflow_small_starburst,
          grunt_ministairs_8, st_stairs_6, uniq_grinder
D:4:      layout_basic, minmay_temple_entry_proselytizer, serial_glass,
          glass_columns_c, glass_columns_b, item_on_display_b,
          due_unseen_surprise, uniq_sigmund
D:5:      kennysheep_windowed_halls, layout_loops_ring, serial_shops, shop,
          portal_sewer_entry_a, grunt_decor_fettered, grunt_ministairs_10,
          kennysheep_nub
D:6:      layout_loops_ring, serial_shops, shop, roderic_lattice_a,
          mrwooster_statue_mirror, uniq_prince_ribbit1, uniq_pikel
D:7:      layout_basic, serial_shops, shop, moated_statue, grunt_ministairs_10
D:8:      layout_cave_pools, erik_lair_island, enter_ossuary_1
Temple:   minmay_crystal_snake_temple

Skill      XL: |  1  2  3  4  5  6  7  8  9 |
---------------+----------------------------+-----
Invocations    | 1 4 5 6 9 10 | 10.5
Spellcasting   | 3 4 |  4.8
Stealth        | 4 5 6 7 |  7.0
Evocations     | 1 2 3 |  3.5
Hexes          | 4 7 9 |  9.1
Fighting       | |  2.4
Short Blades   | |  3.0
Dodging        | |  3.6

Action                   |  1- 3 |  4- 6 |  7- 9 || total
-------------------------+-------+-------+-------++-------
Melee: Short sword       |    33 |    60 |       ||    93
       Rapier            |       |    42 |   579 ||   621
       Headbutt          |       |     8 |   116 ||   124
       Dagger            |       |     2 |     8 ||    10
Throw: Stone             |       |    13 |     1 ||    14
 Cast: Ensorcelled Hiber |       |       |    46 ||    46
       Confusing Touch   |       |       |    18 ||    18
       Corona            |       |       |     5 ||     5
       Tukima's Dance    |       |       |    29 ||    29
       Slow              |       |       |     2 ||     2
       Dazzling Flash    |       |       |     1 ||     1
Invok: Heal Other        |       |     3 |     4 ||     7
       Lesser Healing    |       |     1 |       ||     1
Evoke: Wand              |     3 |    17 |     2 ||    22
  Use: Potion            |       |     5 |     1 ||     6
       Scroll            |       |       |     9 ||     9
 Stab: Distracted        |     1 |       |     1 ||     2
       Sleeping          |     2 |     8 |    38 ||    48
       Confused          |       |       |    17 ||    17
Armor: Robe              |    10 |     7 |       ||    17
       Troll leather arm |       |     5 |   169 ||   174
Dodge: Dodged            |    15 |    71 |   483 ||   569
